 Dungeon Crawl Stone Soup version 0.27-a0-385-g3208abaabc (webtiles) character file.

Game seed: 15509352456044510057

194 wampuh the Skirmisher (level 5, 0/40 (42) HPs)
             Began as a Demonspawn Monk on Feb 19, 2021.
             Slain by a phantom (3 damage)
             ... on level 4 of the Dungeon.
             The game lasted 00:04:27 (3548 turns).

wampuh the Skirmisher (Demonspawn Monk)             Turns: 3548, Time: 00:04:28

HP:   0/40 (42)     AC:  9    Str: 11    XL:     5   Next: 44%
MP:   5/5           EV: 14    Int: 12    God:
Gold: 170           SH:  0    Dex: 18    Spells: 4/4 levels left

rFire    . . .     SeeInvis .   l - +0 quarterstaff
rCold    . . .     Faith    .   (shield currently unavailable)
rNeg     . . .     Spirit   .   e - +3 leather armour
rPois    .         Reflect  .   q - +2 helmet of Going Fast {-Tele rElec rCorr Dex+2}
rElec    +         Harm     .   (no cloak)
rCorr    +         Rampage  .   (no gloves)
Will     .....     NoTele   +   (no boots)
Stlth    ++........             (no amulet)
HPRegen  0.13/turn              (no ring)
MPRegen  0.09/turn              (no ring)

@: lightly drained
A: claws 2, talons 2
a: no special abilities


You were on level 4 of the Dungeon.
You visited 1 branch of the dungeon, and saw 4 of its levels.

You collected 170 gold pieces.

Inventory:

Hand Weapons
 l - a +0 quarterstaff (weapon)
Armour
 b - a +0 robe
 e - a +3 leather armour (worn)
 q - the +2 helmet of Going Fast (worn) {-Tele rElec rCorr Dex+2}
   (You took it off Robin on level 3 of the Dungeon)

   It affects your dexterity (+2).
   It insulates you from electricity.
   It prevents most forms of teleportation.
   It provides partial protection from all sources of acid and corrosion.
Scrolls
 c - a scroll of immolation {unknown}
 d - 9 scrolls of identify {unknown}
 f - 2 scrolls of enchant armour {unknown}
 g - a scroll of magic mapping {unknown}
 k - a scroll of amnesia {unknown}
 n - a scroll of enchant weapon {unknown}
 o - a scroll of teleportation {unknown}
 p - a scroll of noise {unknown}
Potions
 a - a potion of brilliance {unknown}
 h - 2 potions of lignification {unknown}
 i - 2 potions of heal wounds {unknown}
 j - a potion of mutation {unknown}
 m - a potion of ambrosia {unknown}
 r - a potion of flight {unknown}


   Skills:
 + Level 4.2 Fighting
 - Level 2.6 Short Blades
 + Level 1.8 Staves
 + Level 1.9 Armour
 + Level 3.8 Dodging
 - Level 1.7 Stealth


You had 4 spell levels left.
You didn't know any spells.
Your spell library contained the following spells:

 Spells                   Type           Power        Failure   Level
 Corona                   Hex            0%           41%         1
 Ensorcelled Hibernation  Hex/Ice        0%           54%         2
 Confusing Touch          Hex            0%           78%         3
 Dazzling Flash           Conj/Hex       0%           78%         3
 Tukima's Dance           Hex            0%           78%         3


Dungeon Overview and Level Annotations

Branches:
Dungeon (4/15)
 Temple: D:4-7

Altars:


Innate Abilities, Weirdness & Mutations

You have very sharp fingernails.
You have razor-sharp toenails.


Message History

The phantom hits you but does no damage.
You closely miss the phantom.
The phantom is moderately damaged.
The phantom barely misses you. The phantom hits you.
You barely miss the phantom. Your kick misses the phantom.
The phantom is moderately damaged.
The phantom closely misses you.
You closely miss the phantom. You claw the phantom.
The phantom is moderately damaged.
The phantom misses you.
You closely miss the phantom. You claw the phantom.
The phantom is heavily damaged.
The phantom barely misses you.
You hit the phantom but do no damage. Your kick misses the phantom.
The phantom is heavily damaged.
The phantom hits you.
You hit the phantom.
The phantom is heavily damaged.
The phantom closely misses you. The phantom hits you!
* * * LOW HITPOINT WARNING * * *
You hit the phantom.
The phantom is severely damaged.
The phantom hits you but does no damage.
You hit the phantom but do no damage. You claw the phantom, but do no damage.
The phantom is severely damaged.
The phantom barely misses you.
You hit the phantom. You claw the phantom.
The phantom is severely damaged.
The phantom barely misses you.
You hit the phantom but do no damage.
The phantom is severely damaged.
The phantom closely misses you. The phantom completely misses you.
You barely miss the phantom. You claw the phantom.
The phantom is almost destroyed.
The phantom hits you.
* * * LOW HITPOINT WARNING * * *
You closely miss the phantom. Your kick misses the phantom.
The phantom is almost destroyed.
The phantom hits you.
You die...

#...........###.....#
#....#..##.......####
#....#..##.###...######
#....#..##.[...<.......#
#....##..###########.###
#....##.........
#.........######
###+####..# #.W@.>#
#.###.# # .# .# .. ##


You could see a phantom.

Vanquished Creatures
  A worker ant (D:2)
  Robin (D:3)
  7 adders
  2 worms
  A dart slug (D:2)
  2 leopard geckos
  5 orcs (D:3)
  A giant cockroach (D:2)
  17 goblins
  5 hobgoblins
  8 jackals
  2 quokkas (D:3)
  11 bats
  5 frilled lizards
  A jackal skeleton (D:4)
  6 kobolds
  A leopard gecko skeleton (D:3)
  8 rats
84 creatures vanquished.

Notes
Turn   | Place    | Note
-------+----------+-------------------------------------------
     0 | D:1      | wampuh the Demonspawn Monk began the quest for the Orb.
     0 | D:1      | Reached XP level 1. HP: 18/18 MP: 1/1
   207 | D:1      | Gained mutation: You have sharp fingernails. [demonic
                  | ancestry]
   207 | D:1      | Reached XP level 2. HP: 21/24 MP: 2/2
  1082 | D:2      | Gained mutation: You have sharp toenails. [demonic
                  | ancestry]
  1082 | D:2      | Reached XP level 3. HP: 25/29 MP: 3/3
  1400 | D:2      | Reached skill level 1 in Armour
  1900 | D:2      | Gained mutation: You have razor-sharp toenails. [demonic
                  | ancestry]
  1900 | D:2      | Reached XP level 4. HP: 37/37 MP: 4/4
  1907 | D:2      | Reached skill level 1 in Staves
  2481 | D:3      | Reached skill level 4 in Fighting
  2557 | D:3      | Gained mutation: You have very sharp fingernails. [demonic
                  | ancestry]
  2557 | D:3      | Reached XP level 5. HP: 42/42 MP: 5/5
  2883 | D:3      | Identified the +2 helmet of Going Fast {-Tele rElec rCorr
                  | Dex+2}
  2883 | D:3      | Noticed Robin
  2903 | D:3      | Killed Robin
  3531 | D:4      | Noticed a phantom
  3548 | D:4      | Slain by a phantom

Illustrated notes

Levels and vault maps discovered:
D:1:      dpeg_arrival_simpleton_a, layout_basic, minivault_23
D:2:      kb_forest_paths, layout_basic
D:3:      layout_basic, uniq_robin
D:4:      layout_basic, grunt_gozag_statues, marbit_many_paths

Skill      XL: |  1  2  3  4 |
---------------+-------------+-----
Dodging        | 3 |  3.8
Armour         | 1 |  1.9
Staves         | 1 |  1.8
Fighting       | 4 |  4.2
Short Blades   | |  2.6
Stealth        | |  1.7

Action                   |  1- 3 |  4- 6 || total
-------------------------+-------+-------++-------
Melee: Short sword       |    83 |       ||    83
       Quarterstaff      |    42 |   128 ||   170
       Kick              |     6 |    36 ||    42
 Stab: Sleeping          |     4 |     3 ||     7
Armor: Leather armour    |    48 |    31 ||    79
Dodge: Dodged            |    97 |    88 ||   185

Table legend: (Time is in decaauts)
 A = Elapsed time spent in this place.
 B = Non-inter-level travel time spent in this place.
 C = Inter-level travel time spent in this place.
 D = Time resting spent in this place.
 E = Time spent auto-exploring this place.
 F = Levels seen in this place.
 G = Mean time per level.
                   A        B        C        D        E       F      G
               +--------+--------+--------+--------+--------+-----+--------+
         Total |   3585 |   3445 |    140 |    322 |   2527 |   4 |  896.2 |
       Dungeon |   3585 |   3445 |    140 |    322 |   2527 |   4 |  896.2 |
               +--------+--------+--------+--------+--------+-----+--------+

Top non-repeatable levels by time:
     D:2: 1516 daAuts
     D:3: 1148 daAuts
     D:1: 817 daAuts
     D:4: 102 daAuts
